[Event "Titled Tuesday Blitz January 17 Early 2023"]
[White "Eynullayev, Atilla"]
[Black "Maksimovic, Bojan"]
[WhiteFideId "13413570"]
[BlackFideId "14408120"]
[WhiteElo "2281"]
[BlackElo "2486"]
[Result "0-1"]
[Round "02"]
[TimeControl "180+2"]
[Date "2023.01.17"]
[WhiteClock "0:00:06"]
[BlackClock "0:00:07"]

1. d4 Nf6 2. c4 g6 3. Nc3 Bg7 4. e4 d6 5. Be2 Nbd7 6. Be3 e5 7. d5 h5 8. Nf3 Bh6 9. Bxh6 Rxh6 10. Qd2 Rh8 11. Ng5 Kf8 12. h4 Nh7 13. g3 Kg7 14. O-O-O a5 15. f4 Nxg5 16. hxg5 f6 17. gxf6+ Qxf6 18. Rdf1 Nc5 19. Rh2 Bd7 20. Rhf2 Raf8 21. Qe3 b6 22. fxe5 Qxe5 23. Rxf8 Rxf8 24. Rxf8 Kxf8 25. Qh6+ Kf7 26. Bf3 Qg7 27. Qf4+ Qf6 28. Qe3 Qe5 29. Ne2 Kg7 30. Nf4 Be8 31. Ne2 g5 32. Nd4 Bg6 33. Nc6 Qxg3 34. Qd4+ Kh7 35. Qf6 Qf4+ 36. Qxf4 gxf4 37. Nd4 Kh6 38. Ne6 Bxe4 39. Bxe4 Nxe4 40. Nxc7 f3 41. Kd1 h4 42. Ke1 h3 43. Kf1 h2 0-1


[Site "https://www.chess.com"]

[Event "Titled Tuesday Blitz January 17 Early 2023"]
[White "Martin Carmona, Gaston Manuel"]
[Black "Cherniaiev, Tykhon"]
[WhiteFideId "22284567"]
[BlackFideId "14182360"]
[WhiteElo "2333"]
[BlackElo "2330"]
[Result "0-1"]
[Round "02"]
[TimeControl "180+2"]
[Date "2023.01.17"]
[WhiteClock "0:00:27"]
[BlackClock "0:00:05"]

1. e4 e5 2. Nf3 Nc6 3. Bc4 Nf6 4. d3 Bc5 5. c3 O-O 6. O-O d5 7. exd5 Nxd5 8. Re1 Be6 9. b4 Bb6 10. a4 a6 11. a5 Ba7 12. Nbd2 Nxc3 13. Qc2 Nd5 14. Ba3 Re8 15. Ne4 Ndxb4 16. Qb3 Nd5 17. Bc5 b6 18. axb6 Bxb6 19. Bxb6 cxb6 20. Neg5 b5 21. Nxe6 fxe6 22. Bxd5 exd5 23. Rac1 Qd6 24. Nd2 Nd4 25. Qa2 Rac8 26. Ne4 Qe6 27. Nc5 Qd6 28. Ne4 Qd7 29. Nc5 Qf7 30. Qxa6 Rf8 31. Qa2 Kh8 32. Rxe5 Ne6 33. Nb3 Nf4 34. Re3 Qg6 35. Rg3 Qe6 36. Kh1 Rxc1+ 0-1


[Site "https://www.chess.com"]

[Event "Titled Tuesday Blitz January 17 Early 2023"]
[White "Sychev, Klementy"]
[Black "Bazarov, Konstantin"]
[WhiteFideId "4114060"]
[BlackFideId "4137000"]
[WhiteElo "2547"]
[BlackElo "2235"]
[Result "1-0"]
[Round "02"]
[TimeControl "180+2"]
[Date "2023.01.17"]
[WhiteClock "0:00:13"]
[BlackClock "0:00:05"]

1. e4 c6 2. d4 d5 3. Nd2 dxe4 4. Nxe4 Nf6 5. Nxf6+ exf6 6. c3 Bd6 7. Bd3 O-O 8. Qc2 Re8+ 9. Ne2 h5 10. O-O h4 11. Qd1 Qc7 12. g3 Bh3 13. Re1 Bg4 14. Bd2 Nd7 15. Qc2 Nf8 16. Nf4 Qd7 17. Ng2 hxg3 18. fxg3 Ne6 19. Ne3 Bh3 20. Bf5 Bxf5 21. Qxf5 Nf8 22. Qf3 Re6 23. Nf5 Nh7 24. Qg4 g6 25. Kg2 Rae8 26. Nxd6 Qxd6 27. Qf3 Ng5 28. Rxe6 Qxe6 29. Bxg5 fxg5 30. Rf1 f5 31. a3 Kg7 32. Rf2 g4 33. Qf4 Qd5+ 34. Kg1 Re1+ 35. Rf1 Rxf1+ 36. Qxf1 Qe4 37. Qf2 g5 38. Qd2 Kg6 39. c4 f4 40. d5 Qxc4 41. d6 Qc5+ 42. Kf1 Qc4+ 43. Ke1 Qe6+ 44. Kd1 Qd7 45. gxf4 gxf4 46. Qxf4 Kh5 47. Qe5+ Kh4 48. Qe7+ Qxe7 49. dxe7 1-0


[Site "https://www.chess.com"]

[Event "Titled Tuesday Blitz January 17 Early 2023"]
[White "Balabayeva, Xeniya"]
[Black "Dimitrov, Atanas"]
[WhiteFideId "13719688"]
[BlackFideId "2901315"]
[WhiteElo "2191"]
[BlackElo "2269"]
[Result "0-1"]
[Round "02"]
[TimeControl "180+2"]
[Date "2023.01.17"]
[WhiteClock "0:00:01"]
[BlackClock "0:00:16"]

1. d4 Nf6 2. c4 g6 3. Nc3 d5 4. cxd5 Nxd5 5. e4 Nxc3 6. bxc3 Bg7 7. h3 c5 8. Nf3 O-O 9. Be2 b6 10. Be3 Bb7 11. Qd3 cxd4 12. cxd4 Nc6 13. O-O e6 14. Rac1 Rc8 15. Rfd1 Qd7 16. a3 Ne7 17. Ne5 Qa4 18. Ng4 Rfd8 19. e5 Nf5 20. Rc3 Rxc3 21. Qxc3 Rc8 22. Qd3 h5 23. Nf6+ Bxf6 24. exf6 Qc2 25. Qxc2 Rxc2 26. Bd3 Rc3 27. Bxf5 gxf5 28. Ra1 Kh7 29. a4 Bd5 30. Rb1 Kg6 31. a5 bxa5 32. Ra1 Kxf6 33. Rxa5 Rc7 34. Bf4 Rb7 35. Rc5 Ke7 36. f3 Kd7 37. h4 a6 38. Ra5 Bc4 39. Kf2 Bb5 40. g4 fxg4 41. fxg4 hxg4 42. h5 f6 43. h6 Kc6 44. Ra1 Kd5 45. Be3 Ke4 0-1


[Site "https://www.chess.com"]

[Event "Titled Tuesday Blitz January 17 Early 2023"]
[White "Ansh M Shah"]
[Black "Rozman, Levy"]
[WhiteFideId "25033379"]
[BlackFideId "2039877"]
[WhiteElo "2171"]
[BlackElo "2322"]
[Result "1/2-1/2"]
[Round "02"]
[TimeControl "180+2"]
[Date "2023.01.17"]
[WhiteClock "0:00:06"]
[BlackClock "0:00:05"]

1. d4 e6 2. c4 b6 3. g3 Bb7 4. Nf3 Bb4+ 5. Nbd2 f5 6. Bg2 Nf6 7. O-O O-O 8. a3 Bxd2 9. Bxd2 Ne4 10. Rc1 d6 11. b4 Nd7 12. Bc3 Nxc3 13. Rxc3 Be4 14. Qc1 a5 15. c5 axb4 16. axb4 bxc5 17. bxc5 Nf6 18. Rd1 Nd5 19. Rb3 Ra2 20. Rb2 Qa8 21. Rxa2 Qxa2 22. Qd2 Ra8 23. Ng5 Qxd2 24. Rxd2 Ra1+ 25. Bf1 dxc5 26. dxc5 Rc1 27. Nxe6 h6 28. h3 Kf7 29. Nxc7 Nb4 30. f3 Bc6 31. Kf2 Rxc5 32. e3 Rc1 33. Be2 h5 34. Na6 Nd5 35. e4 fxe4 36. fxe4 Nc3 37. Ke3 Rg1 38. Kf2 Rh1 39. Bf3 Rh2+ 40. Ke3 Rxh3 41. Kf4 h4 42. gxh4 Rxh4+ 43. Kg3 Rh6 44. Nb4 Nxe4+ 45. Bxe4 Bxe4 46. Na2 Kg8 47. Nc3 Bc6 48. Ne2 Rg6+ 49. Kf2 Rg2+ 50. Ke3 Rg6 51. Rd8+ Kf7 52. Nf4 Rf6 53. Nd3 Ke7 54. Rb8 Kd6 55. Kd4 Kc7 56. Rg8 Rg6 57. Ne5 Rg1 58. Nxc6 Kxc6 59. Ke4 Kd6 60. Kf5 Ke7 61. Kf4 Kf6 62. Rb8 Rf1+ 63. Kg3 Rd1 64. Rb6+ Kg5 65. Rb5+ Kh6 66. Rb6+ g6 67. Kg4 Rd4+ 68. Kg3 Rc4 69. Rb5 Rc3+ 70. Kg4 Rc6 71. Kg3 Rc4 72. Kh3 g5 73. Kg3 Rc3+ 74. Kg4 Rc4+ 75. Kg3 Kh5 76. Rb8 Rc3+ 77. Kg2 Kg4 78. Rb4+ Kh5 79. Rb8 Kg6 80. Rg8+ Kf5 81. Rf8+ Ke4 82. Rb8 Rc5 83. Kg3 Kf5 84. Rf8+ Kg6 85. Rg8+ Kf6 86. Rf8+ Kg7 87. Rf3 Kg6 88. Rf8 Rc3+ 89. Kg4 Rc4+ 90. Kg3 Ra4 91. Rg8+ Kh6 92. Rh8+ Kg7 93. Rb8 Kh7 94. Rb6 Rc4 95. Kh3 Rh4+ 96. Kg3 Rd4 97. Kh3 Kg7 98. Kg3 Kf7 99. Kh3 Ke7 100. Kg3 Rd5 101. Kg4 Kf7 102. Kg3 Ra5 103. Kg4 Ke7 104. Kh5 Kd7 105. Rg6 Ke7 106. Rxg5 Ra3 107. Rg4 Kf6 108. Rf4+ Ke5 109. Rf8 Rg3 110. Kh4 Rg1 111. Kh3 Ke6 112. Rf2 Rg7 113. Rg2 Rf7 114. Kg3 Rf6 115. Rf2 Kf7 116. Rxf6+ Kxf6 1/2-1/2


[Site "https://www.chess.com"]

[Event "Titled Tuesday Blitz January 17 Early 2023"]
[White "Lortkipanidze, Nodar"]
[Black "Kopczynski, Michal"]
[WhiteFideId "13604058"]
[BlackFideId "1124200"]
[WhiteElo "2406"]
[BlackElo "2225"]
[Result "1-0"]
[Round "02"]
[TimeControl "180+2"]
[Date "2023.01.17"]
[WhiteClock "0:01:43"]
[BlackClock "0:00:46"]

1. e4 c5 2. c3 d5 3. exd5 Qxd5 4. d4 cxd4 5. cxd4 Nc6 6. Nf3 Bg4 7. Be3 e6 8. Nc3 Bb4 9. Be2 Nge7 10. O-O Bxc3 11. bxc3 O-O 12. h3 Bf5 13. Qb3 Rac8 14. c4 Qd7 15. Rac1 Rfd8 16. Rfd1 h6 17. Ne5 Nxe5 18. dxe5 Qc7 19. Bxa7 Qxe5 20. Be3 Be4 21. Qb6 Rxd1+ 22. Rxd1 Nf5 23. Bf1 Bc6 24. Bc1 Ra8 25. Bb2 Qe4 26. a3 Nh4 27. Rd8+ Rxd8 28. Qxd8+ Kh7 29. Bd3 1-0


[Site "https://www.chess.com"]

[Event "Titled Tuesday Blitz January 17 Early 2023"]
[White "Bozorov, Makhsum"]
[Black "Harshavardhan G B"]
[WhiteFideId "14201330"]
[BlackFideId "25059009"]
[WhiteElo "2145"]
[BlackElo "2408"]
[Result "0-1"]
[Round "02"]
[TimeControl "180+2"]
[Date "2023.01.17"]
[WhiteClock "0:00:05"]
[BlackClock "0:00:15"]

1. d4 Nf6 2. c4 g6 3. Nf3 Bg7 4. g3 O-O 5. Bg2 c6 6. O-O d5 7. cxd5 cxd5 8. Ne5 Nc6 9. Nxc6 bxc6 10. Nc3 Re8 11. Na4 Nd7 12. Be3 Nb6 13. Rc1 Bd7 14. Nc5 Nc4 15. Nxd7 Qxd7 16. Bf4 Nxb2 17. Qc2 Nc4 18. Rfd1 e6 19. e4 a5 20. h4 h5 21. Qe2 Ra7 22. Rb1 Rb7 23. Qd3 Rb5 24. a4 Rb4 25. Rxb4 axb4 26. Qb3 Bf8 27. exd5 cxd5 28. Ra1 Na5 29. Qd1 Rc8 30. g4 hxg4 31. Qxg4 Bg7 32. h5 gxh5 33. Qxh5 b3 34. Qg4 f5 35. Qd1 Rc4 36. Bf1 Rxd4 37. Qe1 Rxf4 38. Qxa5 Bxa1 39. Qa8+ Kh7 40. Qf8 Qg7+ 0-1


[Site "https://www.chess.com"]

[Event "Titled Tuesday Blitz January 17 Early 2023"]
[White "Mikhailovsky, Vladimir"]
[Black "Gheorghiu, Calin"]
[WhiteFideId "34105414"]
[BlackFideId "1200305"]
[WhiteElo "2215"]
[BlackElo "2313"]
[Result "1-0"]
[Round "02"]
[TimeControl "180+2"]
[Date "2023.01.17"]
[WhiteClock "0:00:13"]
[BlackClock "0:00:07"]

1. e4 c5 2. c3 Nf6 3. e5 Nd5 4. Nf3 Nc6 5. Bc4 Nb6 6. Bb3 c4 7. Bc2 d6 8. exd6 Qxd6 9. O-O Bg4 10. h3 Bh5 11. Re1 O-O-O 12. Na3 a6 13. Qe2 Bxf3 14. Qxf3 Ne5 15. Qe3 f6 16. b3 Nd3 17. Re2 Nxc1 18. Rxc1 Qxa3 19. Rb1 Qd6 20. bxc4 Nxc4 21. Qa7 Na5 22. Bf5+ e6 23. Rxe6 Qd7 24. Rc6+ bxc6 25. Rb8# 1-0


[Site "https://www.chess.com"]

[Event "Titled Tuesday Blitz January 17 Early 2023"]
[White "Wartiovaara, Oliver"]
[Black "Mahdavi, Reza"]
[WhiteFideId "513024"]
[BlackFideId "12595926"]
[WhiteElo "2264"]
[BlackElo "2339"]
[Result "0-1"]
[Round "02"]
[TimeControl "180+2"]
[Date "2023.01.17"]
[WhiteClock "0:00:33"]
[BlackClock "0:01:43"]

1. e4 c5 2. Nf3 e6 3. d4 cxd4 4. Nxd4 Nc6 5. Nb5 Nf6 6. N1c3 Bb4 7. a3 Bxc3+ 8. Nxc3 O-O 9. Qd6 Qa5 10. Bd3 a6 11. O-O b5 12. b4 Qb6 13. Be3 Qb8 14. Qxb8 Rxb8 15. Bf4 e5 16. Bg5 d6 17. Bxf6 gxf6 18. Nd5 Kg7 19. c4 Be6 20. cxb5 axb5 21. Nc7 Nd4 22. Rac1 Rfc8 23. Rc3 Bc4 24. Nd5 Bxd5 25. Rxc8 Rxc8 26. exd5 Rc3 27. Bxb5 Nxb5 28. a4 Nc7 29. b5 Rb3 30. g4 Rb4 31. Ra1 Rxg4+ 32. Kf1 Rb4 33. Ke2 f5 34. Kd3 e4+ 35. Ke3 Nxd5+ 36. Kd2 Kf6 37. Kc2 Ke5 38. Ra3 Kd4 39. a5 Rxb5 40. a6 Rb8 41. a7 Ra8 0-1


[Site "https://www.chess.com"]

[Event "Titled Tuesday Blitz January 17 Early 2023"]
[White "Salimova, Nurgyul"]
[Black "Buchenau, Frank"]
[WhiteFideId "2915138"]
[BlackFideId "4604350"]
[WhiteElo "2391"]
[BlackElo "2222"]
[Result "1-0"]
[Round "02"]
[TimeControl "180+2"]
[Date "2023.01.17"]
[WhiteClock "0:00:09"]
[BlackClock "0:00:06"]

1. e4 e6 2. d4 d5 3. Nc3 Nf6 4. e5 Nfd7 5. f4 c5 6. Nf3 Nc6 7. Be3 a6 8. Ne2 Qb6 9. Rb1 Qa5+ 10. c3 Qxa2 11. g3 Qa5 12. dxc5 Qc7 13. b4 b6 14. cxb6 Nxb6 15. Ned4 Be7 16. Bd3 O-O 17. O-O Nc4 18. Bf2 f6 19. Re1 fxe5 20. Nxc6 Qxc6 21. Nxe5 Nxe5 22. Rxe5 Bf6 23. Bd4 Bxe5 24. Bxe5 d4 25. Qh5 Rf5 26. Bxf5 exf5 27. Qg5 Ra7 28. Qd8+ Kf7 29. cxd4 Rd7 30. Qh8 Kg6 31. Qe8+ Kh6 32. d5 Qxd5 33. Qxc8 Qd3 34. Qc6+ g6 35. Re1 Qd2 36. Qc3 Qd5 37. Bf6 Rd6 38. Bg5+ Kh5 39. Qe3 Qd3 40. Qxd3 Rxd3 41. Be7 1-0


[Site "https://www.chess.com"]

[Event "Titled Tuesday Blitz January 17 Early 2023"]
[White "Mohammed, Dilshad"]
[Black "Wagh Suyog"]
[WhiteFideId "5050421"]
[BlackFideId "25071688"]
[WhiteElo "2103"]
[BlackElo "2313"]
[Result "1/2-1/2"]
[Round "02"]
[TimeControl "180+2"]
[Date "2023.01.17"]
[WhiteClock "0:00:13"]
[BlackClock "0:00:10"]

1. Nf3 d5 2. d4 Nf6 3. Bf4 c5 4. c3 Nc6 5. e3 Qb6 6. b3 Bg4 7. Nbd2 e6 8. h3 Bh5 9. Be2 Be7 10. Ne5 Bxe2 11. Qxe2 O-O 12. O-O Rac8 13. Rfc1 Rfd8 14. Ndf3 Ne4 15. Nxc6 bxc6 16. Nd2 Nf6 17. Be5 a5 18. dxc5 Qxc5 19. c4 Qa7 20. Rab1 a4 21. b4 Nd7 22. Bg3 Bf6 23. b5 cxb5 24. cxb5 Qb6 25. e4 Nc5 26. exd5 exd5 27. Qf3 h6 28. Bf4 Bd4 29. Be3 Bxe3 30. Qxe3 d4 31. Qf3 Ne6 32. Nc4 Qc5 33. b6 d3 34. b7 Rb8 35. Nd2 Qa5 36. Rd1 Qa6 37. Ne4 Nd4 38. Qe3 Ne2+ 39. Kh1 Nc3 40. Nxc3 Rxb7 41. Rxb7 Qxb7 42. Rxd3 Rc8 43. Qd2 Qa8 44. Ne2 a3 45. Ng3 Rb8 46. Rc3 Rb2 47. Rc2 Qb8 48. Qc1 Rb1 49. Rc8+ Kh7 50. Rxb8 Rxc1+ 51. Kh2 Rc2 52. Ra8 Rxa2 53. Ne4 f5 54. Nc3 Rxf2 55. Rxa3 f4 56. Kg1 Rd2 57. Ne4 Re2 58. Nf2 Re1+ 59. Kh2 Re2 60. Ng4 h5 61. Nf2 Rxf2 62. Ra5 Kh6 63. Kg1 Rc2 64. Kf1 Rc4 65. Rb5 Rc2 66. Kg1 Ra2 67. Kf1 g5 68. Rb6+ Kg7 69. Rb7+ Kf6 70. Rb6+ Ke7 71. Rb5 Kf6 72. Rb6+ Kf7 73. Rb5 g4 74. Rxh5 Ra1+ 75. Kf2 g3+ 76. Kf3 Rf1+ 77. Kg4 Kg6 78. Rg5+ Kh6 79. Rf5 Rf2 80. Rxf4 Rxg2 81. Rf6+ Kg7 82. Rf3 Rg1 83. Rxg3 Rxg3+ 84. Kxg3 Kg6 85. Kg4 Kh7 86. h4 Kh8 87. h5 Kh7 88. h6 Kh8 89. h7 Kxh7 1/2-1/2


[Site "https://www.chess.com"]

[Event "Titled Tuesday Blitz January 17 Early 2023"]
[White "Castellanos Gomez, Alejandro"]
[Black "Kobalia, Mikhail"]
[WhiteFideId "22284141"]
[BlackFideId "4119150"]
[WhiteElo "2253"]
[BlackElo "2578"]
[Result "0-1"]
[Round "02"]
[TimeControl "180+2"]
[Date "2023.01.17"]
[WhiteClock "0:00:04"]
[BlackClock "0:00:40"]

1. d4 d5 2. Bf4 c5 3. e3 cxd4 4. exd4 Nc6 5. c3 Nf6 6. Nd2 Bf5 7. Qb3 Na5 8. Qa4+ Bd7 9. Bb5 e6 10. Bg5 Nc6 11. Qd1 Be7 12. Ngf3 O-O 13. Bd3 a6 14. O-O Na5 15. Ne5 Bb5 16. Re1 Bxd3 17. Nxd3 b5 18. Ne5 Rc8 19. a4 b4 20. cxb4 Bxb4 21. Bxf6 Qxf6 22. Nd7 Qxd4 23. Nxf8 Qxd2 24. Qxd2 Bxd2 25. Re2 Nb3 26. Rd1 Kxf8 27. g3 Rc2 28. Kg2 Rxb2 29. h4 d4 30. h5 d3 31. Re4 Nc5 32. Rc4 Bb4 33. Kf3 a5 34. Ke3 d2 35. Ra1 Ke7 36. f3 e5 37. f4 exf4+ 38. gxf4 Kf6 39. Ke2 Kf5 40. Ke3 Rb3+ 41. Ke2 Ne4 42. Rg1 Ng3+ 43. Kf2 h6 44. Rd4 Bc5 0-1


[Site "https://www.chess.com"]

[Event "Titled Tuesday Blitz January 17 Early 2023"]
[White "Rohith Krishna S"]
[Black "Valle Maytin, Luis Enrique"]
[WhiteFideId "46617051"]
[BlackFideId "3503666"]
[WhiteElo "2385"]
[BlackElo "2241"]
[Result "1-0"]
[Round "02"]
[TimeControl "180+2"]
[Date "2023.01.17"]
[WhiteClock "0:00:15"]
[BlackClock "0:00:11"]

1. e4 c6 2. Nf3 d5 3. d3 dxe4 4. dxe4 Qxd1+ 5. Kxd1 Bg4 6. Be3 Nd7 7. Nd2 e6 8. c3 Ngf6 9. a4 Bc5 10. h3 Bxf3+ 11. gxf3 O-O-O 12. Kc2 e5 13. Bc4 Rhf8 14. a5 Ne8 15. h4 f6 16. Be6 Bxe3 17. fxe3 Kc7 18. b4 Nd6 19. h5 Rde8 20. Bb3 Re7 21. Rag1 c5 22. Rh4 b6 23. axb6+ axb6 24. Rhg4 Ne8 25. Bd5 Kd6 26. Ra1 cxb4 27. cxb4 f5 28. Nc4+ Kc7 29. Ra7+ Kb8 30. Ra8+ Kc7 31. Rg1 Rf6 32. Ra7+ Kb8 33. Rb7+ Kc8 34. Ra1 Nc7 35. Raa7 Nb8 36. Kb3 b5 37. Na5 Rd7 38. Ka3 Nxd5 39. Rxd7 Nxd7 40. exd5 Rd6 41. e4 Nb6 42. Nc6 fxe4 43. fxe4 Nc4+ 44. Ka2 Rf6 45. Rxg7 Rf2+ 46. Kb3 Rf3+ 47. Kc2 Rf2+ 48. Kd3 Rf3+ 49. Ke2 Re3+ 50. Kf2 Rxe4 51. Rxh7 Rf4+ 52. Kg3 Ne3 53. h6 Nxd5 54. Rh8+ Kd7 55. Nxe5+ Ke6 56. Ng6 Rf6 57. Nh4 Ne3 58. Re8+ Kf7 59. Rxe3 Rxh6 60. Re5 Rc6 61. Rxb5 Ke6 62. Nf3 Rc4 63. Kf2 Kd6 64. Nd2 Rc2 65. Ke3 Kc6 66. Rh5 Kb6 67. Kd3 Rc8 68. Nc4+ Kb7 69. Nd6+ Kc7 70. Nxc8 Kxc8 71. Kc4 Kb7 72. b5 Kb6 73. Kb4 Kb7 74. Kc5 Ka7 75. Rh7+ Kb8 76. Kc6 Ka8 77. b6 Kb8 78. Rh8# 1-0


[Site "https://www.chess.com"]

[Event "Titled Tuesday Blitz January 17 Early 2023"]
[White "Atabayev, Saparmyrat"]
[Black "Erzhanov, Arman"]
[WhiteFideId "14000571"]
[BlackFideId "4138821"]
[WhiteElo "2448"]
[BlackElo "2228"]
[Result "1-0"]
[Round "02"]
[TimeControl "180+2"]
[Date "2023.01.17"]
[WhiteClock "0:01:33"]
[BlackClock "0:00:13"]

1. e4 c5 2. Nf3 Nc6 3. d4 cxd4 4. Nxd4 Nf6 5. Nc3 e5 6. Ndb5 d6 7. Bg5 a6 8. Bxf6 gxf6 9. Na3 b5 10. Nd5 Bg7 11. c4 f5 12. Bd3 Ne7 13. O-O Nxd5 14. cxd5 fxe4 15. Bxe4 O-O 16. Nc2 f5 17. Bd3 e4 18. Be2 Bxb2 19. Rb1 Be5 20. Nb4 Qh4 21. g3 Qg5 22. Nc6 f4 23. Qc1 Qf6 24. Rb4 Bh3 25. Rxe4 Bxf1 26. Qxf1 f3 27. Bd3 Rae8 28. Qh3 Rf7 29. Rg4+ Kf8 30. Bxh7 Bxg3 31. Rg8# 1-0


[Site "https://www.chess.com"]

[Event "Titled Tuesday Blitz January 17 Early 2023"]
[White "Heinemann, Josefine"]
[Black "Nazari, Arad"]
[WhiteFideId "12900460"]
[BlackFideId "12577324"]
[WhiteElo "2289"]
[BlackElo "2367"]
[Result "0-1"]
[Round "02"]
[TimeControl "180+2"]
[Date "2023.01.17"]
[WhiteClock "0:00:12"]
[BlackClock "0:00:38"]

1. e4 c5 2. Nf3 d6 3. Bb5+ Nd7 4. O-O a6 5. Bd3 g6 6. c3 Bg7 7. Bc2 e5 8. a4 Ngf6 9. d3 O-O 10. Nbd2 Nb8 11. Nc4 Nc6 12. a5 Be6 13. h3 Bxc4 14. dxc4 Nxa5 15. Qd3 Qc7 16. Rd1 Rfd8 17. Bg5 h6 18. Be3 Rab8 19. Nh2 b5 20. cxb5 axb5 21. b3 c4 22. bxc4 Nxc4 23. Bc1 Nd7 24. Qg3 Nc5 25. h4 h5 26. Nf3 Ne6 27. Ng5 Nxg5 28. Bxg5 Rdc8 29. Bb3 Bf8 30. Bf6 Ra8 31. Rxa8 Rxa8 32. f4 Ra3 33. Bxc4 Qxc4 34. fxe5 Rxc3 35. Qf2 Rc1 36. Rxc1 Qxc1+ 37. Kh2 dxe5 38. Bxe5 Qc6 39. Qf4 Qe6 40. g3 b4 41. Bd4 b3 42. Qb8 Qd6 43. Qxd6 Bxd6 44. Kg2 Ba3 0-1


[Site "https://www.chess.com"]

[Event "Titled Tuesday Blitz January 17 Early 2023"]
[White "Gurvich, Vitaly"]
[Black "Manukian, Artak"]
[WhiteFideId "24164852"]
[BlackFideId "13301373"]
[WhiteElo "2278"]
[BlackElo "2196"]
[Result "0-1"]
[Round "02"]
[TimeControl "180+2"]
[Date "2023.01.17"]
[WhiteClock "0:00:02"]
[BlackClock "0:00:11"]

1. d4 Nf6 2. c4 g6 3. Nc3 Bg7 4. e4 O-O 5. Be2 d6 6. Bg5 e5 7. dxe5 dxe5 8. Qxd8 Rxd8 9. Nd5 Rxd5 10. exd5 Ne4 11. Be3 c6 12. Nf3 Na6 13. Nd2 cxd5 14. cxd5 Nxd2 15. Bxd2 Nc7 16. Bc4 Bf5 17. O-O Nxd5 18. Bxd5 Rd8 19. Bxf7+ Kxf7 20. Bc3 Ke6 21. Rfd1 Bf6 22. Rxd8 Bxd8 23. Rd1 Bc7 24. Kf1 a5 25. a3 a4 26. Bb4 Be4 27. h3 h5 28. Re1 Bd3+ 29. Kg1 e4 30. Bc3 Kd5 31. g4 hxg4 32. hxg4 Bf4 33. Kg2 b5 34. Kh3 g5 35. Kg2 Kc4 36. Rh1 Kb3 37. Rh6 Bc1 38. f4 gxf4 39. Rc6 f3+ 40. Kf2 Be2 41. Bd4 Bg5 42. Rc3+ Ka2 43. Be3 Bh4+ 44. Kg1 Bf6 45. Rc5 Bc4 46. g5 Bxb2 47. g6 Kxa3 48. Rg5 Bg7 49. Kf2 Kb3 50. Rg4 Bd3 51. Rg5 a3 52. Rg1 a2 0-1


[Site "https://www.chess.com"]

[Event "Titled Tuesday Blitz January 17 Early 2023"]
[White "Mamedov, Edgar"]
[Black "Rakotomaharo, Fy Antenaina"]
[WhiteFideId "13739980"]
[BlackFideId "13100050"]
[WhiteElo "2193"]
[BlackElo "2459"]
[Result "0-1"]
[Round "02"]
[TimeControl "180+2"]
[Date "2023.01.17"]
[WhiteClock "0:00:55"]
[BlackClock "0:01:46"]

1. d4 Nf6 2. c4 g6 3. Nc3 d5 4. cxd5 Nxd5 5. e4 Nxc3 6. bxc3 Bg7 7. Bc4 c5 8. Ne2 Nc6 9. Be3 O-O 10. O-O Bg4 11. f3 Bd7 12. Qd2 Rc8 13. Rac1 Qc7 14. Bh6 Rfd8 15. Bxg7 Kxg7 16. Qe3 b6 17. Bb5 Na5 18. Bxd7 Rxd7 19. d5 b5 20. h4 Nc4 21. Qf4 Qxf4 22. Nxf4 Rd6 23. Kf2 Ra6 24. Rc2 Ra3 25. Rb1 Ra5 26. Nd3 Na3 27. Rcb2 Nxb1 28. Rxb1 Rxa2+ 29. Kg3 a6 30. Ne5 Ra3 31. c4 b4 32. Nc6 Rc7 33. e5 a5 34. Rd1 b3 35. d6 exd6 36. exd6 Rd7 37. Ne5 Rd8 38. d7 b2 39. Rb1 Rb3 40. h5 a4 41. h6+ Kf8 42. Ng4 Ke7 43. Re1+ Kxd7 44. Ne5+ Kc8 0-1


[Site "https://www.chess.com"]

[Event "Titled Tuesday Blitz January 17 Early 2023"]
[White "Aslanov, Umid"]
[Black "Milikow, Yoav"]
[WhiteFideId "13412620"]
[BlackFideId "2822237"]
[WhiteElo "2273"]
[BlackElo "2394"]
[Result "1-0"]
[Round "02"]
[TimeControl "180+2"]
[Date "2023.01.17"]
[WhiteClock "0:00:20"]
[BlackClock "0:00:43"]

1. e4 e6 2. d4 d5 3. Nd2 c5 4. exd5 Qxd5 5. Ngf3 cxd4 6. Bc4 Qd6 7. O-O Nf6 8. Nb3 Nc6 9. Nbxd4 Nxd4 10. Nxd4 a6 11. c3 Qc7 12. Bb3 Bd6 13. Bg5 Bxh2+ 14. Kh1 Be5 15. f4 Bd6 16. Bxf6 gxf6 17. Qh5 Qc5 18. f5 Ke7 19. Rae1 Be5 20. fxe6 Bxe6 21. Nxe6 fxe6 22. Rxf6 Kxf6 23. Qh6+ Ke7 24. Qxe6+ Kd8 25. Rxe5 Qc6 26. Rd5+ Kc7 27. Qe5+ Kb6 28. Rd6 Rhe8 29. Qd4+ Kc7 30. Rxc6+ bxc6 31. Qg7+ Kb6 32. Qd4+ Kc7 33. Bc2 Re2 34. Be4 Re8 35. Bf3 Rxb2 36. Qc4 Re1+ 37. Kh2 Rb6 38. Qf7+ Kb8 39. a4 Ra1 40. Qe8+ Ka7 41. Bxc6 Rb8 42. Qd7+ Kb6 43. Bf3 Rb1 44. Be4 Rb2 45. c4 Ka5 46. c5 R8b4 47. Bf3 R4b3 48. c6 Rxf3 49. c7 Rc3 50. c8=Q Rxc8 51. Qxc8 Rb4 52. Qc7+ Kxa4 53. Qxh7 a5 54. Qd7+ Kb3 55. g4 a4 56. g5 a3 57. Qd3+ Kb2 58. Qd2+ Kb3 59. g6 a2 60. g7 Rb8 61. Qd5+ Ka3 62. Qd6+ Rb4 63. g8=Q a1=Q 64. Qa8+ Kb3 65. Qxa1 Rh4+ 66. Kg3 Rg4+ 67. Kxg4 1-0


[Site "https://www.chess.com"]

[Event "Titled Tuesday Blitz January 17 Early 2023"]
[White "Guliev, Logman"]
[Black "Costachi, Mihnea"]
[WhiteFideId "13400061"]
[BlackFideId "1217518"]
[WhiteElo "2250"]
[BlackElo "2476"]
[Result "1/2-1/2"]
[Round "02"]
[TimeControl "180+2"]
[Date "2023.01.17"]
[WhiteClock "0:00:13"]
[BlackClock "0:00:06"]

1. e4 c5 2. Nf3 Nc6 3. d4 cxd4 4. Nxd4 g6 5. c4 Bg7 6. Be3 Qb6 7. Nb3 Qd8 8. Nc3 Nf6 9. Rc1 O-O 10. Be2 d6 11. O-O h5 12. h3 Bd7 13. Bd3 Ne5 14. f4 Nxd3 15. Qxd3 Bc6 16. Nd5 Nxd5 17. cxd5 Bd7 18. Bd4 a6 19. Bxg7 Kxg7 20. Nd4 Qb6 21. Kh2 Rac8 22. b3 Bb5 23. Qe3 Bxf1 24. Rxc8 Rxc8 25. Ne6+ fxe6 26. Qxb6 exd5 27. Qxb7 Rc2 28. Qxe7+ Kg8 29. f5 gxf5 30. Qg5+ Kh8 31. Qxh5+ Kg7 32. Qg5+ Kh8 33. exf5 Rxa2 34. Kg1 Rxg2+ 35. Qxg2 Bxg2 36. Kxg2 Kg7 37. h4 Kf6 38. Kf3 Kxf5 39. Ke3 Kg4 40. Kd4 Kxh4 41. Kxd5 Kg4 42. Kxd6 Kf4 43. Kc5 Ke4 44. Kc4 Ke3 45. b4 Kd2 46. Kb3 Kd3 47. Ka4 Kc4 48. Ka5 Kb3 49. Kxa6 Kxb4 1/2-1/2


[Site "https://www.chess.com"]

[Event "Titled Tuesday Blitz January 17 Early 2023"]
[White "Gatterer, Florian"]
[Black "Domingo Nunez, Ruben"]
[WhiteFideId "811688"]
[BlackFideId "22245570"]
[WhiteElo "2170"]
[BlackElo "2416"]
[Result "1/2-1/2"]
[Round "02"]
[TimeControl "180+2"]
[Date "2023.01.17"]
[WhiteClock "0:00:27"]
[BlackClock "0:00:07"]

1. c4 g6 2. e4 Bg7 3. d4 d6 4. Nc3 Nd7 5. Nf3 e5 6. Be3 Ngf6 7. Be2 O-O 8. O-O exd4 9. Nxd4 Re8 10. f3 Nc5 11. Qd2 Ne6 12. Rad1 Nh5 13. Nd5 Bd7 14. Nxe6 Bxe6 15. Nf4 Nxf4 16. Bxf4 b5 17. Rc1 a6 18. Rfd1 Qb8 19. b3 bxc4 20. Bxc4 a5 21. Bxe6 Rxe6 22. Be3 a4 23. b4 a3 24. Rc4 Bb2 25. Bd4 Bxd4+ 26. Qxd4 Re7 27. Rdc1 Ra4 28. h3 h5 29. Kh1 Qd8 30. Qf6 Qd7 31. Rxc7 Re6 32. Qxg6+ Rxg6 33. Rxd7 Rxb4 34. Ra7 Rb2 35. Rg1 Rxa2 36. h4 Re6 37. Ra5 Re5 38. Ra7 Rb5 39. Kh2 Rb3 40. Kg3 Rd2 41. Ra1 Rbb2 42. R7xa3 Rxg2+ 43. Kf4 Rg6 44. Ra5 Rf6+ 45. Rf5 Rxf5+ 46. Kxf5 Kg7 47. Rg1+ Kh6 48. Rg8 Rf2 49. Kf4 Rh2 50. Rh8+ Kg6 51. Kg3 Rh1 52. Rd8 Rd1 53. Rg8+ Kf6 54. Rh8 Kg6 55. Rg8+ Kh7 56. Rd8 Kg7 57. Kf4 Kg6 58. Rg8+ Kf6 59. Rh8 Kg6 60. Rg8+ Kf6 61. Rh8 Kg6 62. Rg8+ 1/2-1/2


[Site "https://www.chess.com"]